AoeStats
← Kurzen

Hideout

509444816Analyzed
1v1 RM · 4d ago on Sep 26, 2026· 21m 16s· 2 players
Game mode
Random Map
Map size
Tiny (2 player)
Population
200
Speed
Normal
Resources
Standard
Victory
Conquest
Starting age
Dark Age
Ending age
Imperial Age
RankedLock teamsTeams togetherTeam positionsShared explorationLock speedFull tech treeHidden civsTurbo modeCheats
Victory
Defeat
🇨🇦 Chinese · Canada
1220
+16
🇫🇷 Ethiopians · France
1219
-16
Kurzen
7:55 Loom
10:39 Feudal Age
10:05 Loom
11:31 Double-Bit Axe
16:06 Castle Age
16:05 Horse Collar
17:18 Bow Saw
KING
0:27 Loom
9:10 Feudal Age
16:24 Castle Age
15:04 Double-Bit Axe
15:19 Horse Collar
19:25 Bow Saw
Connection lost

Rejoining the realm…

Still unreachable

The connection could not be restored.

Session expired

The server has moved on; the page needs a fresh start.